 Dungeon Crawl Stone Soup version 0.29.1-4-g47bece8355 (webtiles) character file.

Game seed: 2678787463241410017

3886 Anriel the Skirmisher (level 10, -2/53 HPs)
             Began as a Deep Elf Arcane Marksman on Dec 9, 2022.
             Was an Initiate of Gozag.
             Slain by a vault guard
             ... wielding a +0 broad axe
              (5 damage)
             ... in a bailey.
             The game lasted 01:00:21 (8878 turns).

Anriel the Skirmisher (Deep Elf Arcane Marksman)    Turns: 8878, Time: 01:00:22

Health: -2/53      AC:  4    Str:  7    XL:     10   Next: 0%
Magic:  9/18       EV: 17    Int: 19    God:    Gozag
Gold:   814        SH:  0    Dex: 25    Spells: 5/17 levels left

rFire   + . .      SeeInvis .   x - +1 shortbow (freeze)
rCold   . . .      Faith    .   (shield currently unavailable)
rNeg    . . .      Spirit   .   f - +1 leather armour
rPois   .          Reflect  .   (no helmet)
rElec   .          Harm     .   (no cloak)
rCorr   .          Rampage  .   (no gloves)
Will    +....                   (no boots)
Stlth   +.........              (no amulet)
HPRegen 0.17/turn               e - +6 ring of dexterity
MPRegen 0.16/turn               w - ring of protection from fire

@: on blink cooldown, very slow
A: no striking features
a: Renounce Religion, Potion Petition, Call Merchant, Bribe Branch


You were in a bailey.
You worshipped Gozag.
Gozag was pleased with you.
You visited 2 branches of the dungeon, and saw 8 of its levels.
You also visited: Bailey.

You collected 899 gold pieces.
You paid 85 gold pieces to Gozag.

Inventory:

Hand Weapons
 a - a +2 sling
 x - a +1 shortbow of freezing (weapon)
Armour
 f - a +1 leather armour (worn)
 j - a +0 helmet
Jewellery
 d - a ring of flight
 e - a +6 ring of dexterity (left hand)
 w - a ring of protection from fire (right hand)
Wands
 m - a wand of charming (1)
 o - a wand of iceblast (1)
 v - a wand of flame (17)
Scrolls
 b - 2 scrolls of summoning {unknown}
 g - a scroll of enchant weapon
 k - a scroll of fog
 l - a scroll of blinking {unknown}
Potions
 c - 3 potions of magic {unknown}
 h - 2 potions of brilliance {unknown}
 i - 3 potions of lignification {unknown}
 p - a potion of cancellation {unknown}
 q - a potion of might {unknown}
 t - a potion of heal wounds {unknown}


   Skills:
 - Level 2.0 Fighting
 + Level 13.3 Ranged Weapons
 - Level 3.1 Armour
 + Level 7.7 Dodging
 - Level 4.1 Spellcasting
 - Level 7.4 Hexes
 - Level 3.3 Translocations


You had 5 spell levels left.
You knew the following spells:

 Your Spells              Type           Power      Damage    Failure   Level
a - Slow                  Hex            100%       N/A       1%          1
b - Blink                 Tloc           32%        N/A       8%          2
c - Portal Projectile     Hex/Tloc       48%        N/A       6%          3
d - Cause Fear            Hex            16%        N/A       10%         4
e - Ensorcelled Hibernat  Hex/Ice        36%        N/A       6%          2

Your spell library contained the following spells:

 Spells                   Type           Power      Damage    Failure   Level
 Confusing Touch          Hex            32%        N/A       2%          3
 Inner Flame              Hex/Fire       18%        N/A       13%         3
 Anguish                  Hex/Necr       9%         N/A       38%         4
 Frozen Ramparts          Ice            6%         1d1       52%         3
 Spider Form              Tmut/Pois      3%         N/A       52%         3
 Vampiric Draining        Necr           3%         2d6       52%         3
 Manifold Assault         Tloc           16%        N/A       80%         5
 Ice Form                 Ice/Tmut       3%         N/A       89%         4
 Summon Ice Beast         Ice/Summ       3%         N/A       89%         4
 Storm Form               Tmut/Air       1%         N/A       100%        7


Dungeon Overview and Level Annotations

Branches:
Dungeon (7/15)             Temple (1/1) D:6          Bailey (1/1)

Altars:
Ashenzari
Cheibriados
Gozag
Hepliaklqana
Nemelex Xobeh
Okawaru
Qazlal
Ru
Sif Muna
Trog
Uskayaw
Vehumet

Shops:
D:5 [

Annotations:
D:3 2 transporters, daba11's ghost, weakling MiFi


Message History

Aim: a vault guard, wielding a +0 broad axe and wearing a +0 plate armour (moderately wounded)
The mass of ice explodes!
The iceblast engulfs the vault guard.
The vault guard is moderately wounded.
Unknown command.
Aiming: Iceblast
Press: ? - help, Shift-Dir - straight line, f/p - vault guard
Aim: a vault guard, wielding a +0 broad axe and wearing a +0 plate armour (moderately wounded)
The mass of ice explodes!
The iceblast engulfs the vault guard but does no damage.
The vault guard is moderately wounded.
You feel stable enough to blink again.
You enter the shallow water.
Moving in this stuff is going to be slow.
The vault guard hits you with a +0 broad axe!!
Casting: Blink (safe; 8% risk of failure)
Confirm with . or Enter, or press ? or * to list all spells.
You blink.
Okay, then.
As you read the scroll of fear, it crumbles to dust.
You assume a fearsome visage.
The vault guard easily resists.
The vault guard barely misses you.
The vault guard hits you with a +0 broad axe!!
* * * LOW HITPOINT WARNING * * *
The vault guard attacks as you move away!
The vault guard misses you.
You feel stable enough to blink again.
Casting: Blink (safe; 8% risk of failure)
Confirm with . or Enter, or press ? or * to list all spells.
You blink.
You enter the shallow water.
Moving in this stuff is going to be slow.
You feel stable enough to blink again.
Casting: Blink (safe; 8% risk of failure)
Confirm with . or Enter, or press ? or * to list all spells.
You blink.
Splash!
The vault guard attacks as you move away!
The vault guard hits you with a +0 broad axe.
You die...
Your body crumbles into a pile of gold.

~~~~'.....## ~)~~#......#
§~p##....#######
#####p.###≈≈≈≈≈###
.)..#'##≈≈~~~~~≈≈##
)).)..#≈~~~~~~~~~≈##
......##≈~~~~~~~~~≈#
.#######≈~~..~..~~#######
##..#≈≈≈~...~~~p@##.....##
.#..#.........~..#.......#
.#..'..)~~~......'..∩....#
....#~~≈≈≈≈~~~.~.#.......#
....#≈≈####≈≈~...##.....##
########?!###≈~..~#######
#...~##≈.~~~#
#~...~#≈.~~## #~~..#≈.~##


You could see a vault guard.

Vanquished Creatures
  Prince Ribbit (Bailey)
  7 humans (Bailey)
  2 steam dragons (D:6)
  Edmund (D:3)
  2 sky beasts (D:6)
  A black bear (D:6)
  A centaur (D:6)
  2 ogres
  2 phantoms (D:5)
  A kobold brigand (D:6)
  Blork the orc (D:4)
  11 bullfrogs
  2 necrophages
  A scorpion (D:5)
  A wight (D:6)
  An orc priest (D:4)
  4 hounds
  A jelly (D:5)
  A gnoll bouda (D:5)
  4 iguanas
  2 orc wizards (D:6)
  5 gnolls
  8 adders
  A shadow imp (D:5)
  A white imp (D:6)
  3 ufetubi
  3 worms
  5 dart slugs
  8 orcs
  3 ball pythons
  3 endoplasms
  5 giant cockroaches
  9 goblins
  7 hobgoblins
  5 jackals
  8 quokkas
  7 bats
  3 frilled lizards
  6 kobolds
  3 rats
142 creatures vanquished.

Vanquished Creatures (collateral kills)
  An orc priest (D:6)
  An ufetubus (D:6)
2 creatures vanquished.

Vanquished Creatures (others)
  A hound (D:6)
  An orc (D:6)
  6 plants (D:3)
8 creatures vanquished.

Grand Total: 152 creatures vanquished

Notes
Turn   | Place    | Note
-------+----------+-------------------------------------------
     0 | D:1      | Anriel the Deep Elf Arcane Marksman began the quest for the
                  | Orb.
     0 | D:1      | Reached XP level 1. HP: 11/11 MP: 5/5
    79 | D:1      | Reached skill level 1 in Fighting
   375 | D:1      | Reached skill level 3 in Ranged Weapons
   439 | D:1      | Reached XP level 2. HP: 16/16 MP: 2/6
   454 | D:1      | Found a faded altar of an unknown god.
  1171 | D:2      | Learned a level 2 spell: Blink
  1377 | D:2      | Reached XP level 3. HP: 21/21 MP: 7/7
  1381 | D:2      | You fall into a shaft and drop 1 floor!
  1824 | D:2      | Reached skill level 4 in Ranged Weapons
  2300 | D:3      | Found a transporter.
  2342 | D:3      | Found a transporter.
  2365 | D:3      | Noticed daba11's ghost (weakling MiFi)
  2718 | D:3      | Reached XP level 4. HP: 26/26 MP: 6/8
  2781 | D:3      | Reached skill level 1 in Armour
  3133 | D:4      | Noticed Blork the orc
  3193 | D:4      | HP: 1/26 [Blork the orc/magic dart (6)]
  3528 | D:4      | Noticed Edmund
  3583 | D:3      | Killed Edmund
  3584 | D:3      | Reached skill level 5 in Ranged Weapons
  3584 | D:3      | Reached XP level 5. HP: 30/30 MP: 9/9
  3601 | D:4      | Reached skill level 6 in Ranged Weapons
  3639 | D:4      | Killed Blork the orc
  3640 | D:4      | Reached XP level 6. HP: 33/35 MP: 10/10
  4168 | D:4      | Found a radiant altar of Vehumet.
  4223 | D:5      | Entered Level 5 of the Dungeon
  4277 | D:5      | Reached skill level 7 in Ranged Weapons
  4327 | D:5      | Found a sparkling altar of Nemelex Xobeh.
  4416 | D:5      | Reached XP level 7. HP: 40/40 MP: 10/14
  4436 | D:5      | Found Buugh's Antique Armour Boutique.
  4764 | D:5      | Found an opulent altar of Gozag.
  4773 | D:5      | Became a worshipper of Gozag Ym Sagoz the Greedy
  4810 | D:5      | Found a snail-covered altar of Cheibriados.
  4926 | D:5      | Reached skill level 8 in Ranged Weapons
  4926 | D:5      | Reached skill level 1 in Translocations
  5320 | D:5      | Reached skill level 9 in Ranged Weapons
  5320 | D:5      | Reached XP level 8. HP: 33/44 MP: 16/16
  5338 | D:5      | Found a hazy altar of Hepliaklqana.
  5475 | D:5      | Learned a level 3 spell: Portal Projectile
  5480 | D:5      | Learned a level 4 spell: Cause Fear
  5483 | D:5      | Learned a level 2 spell: Ensorcelled Hibernation
  5721 | D:6      | Found a staircase to the Ecumenical Temple.
  5730 | Temple   | Entered the Ecumenical Temple
  5900 | D:6      | Reached skill level 5 in Hexes
  5994 | D:6      | Found a sacrificial altar of Ru.
  6129 | D:6      | Reached skill level 10 in Ranged Weapons
  7242 | D:6      | Reached skill level 11 in Ranged Weapons
  7242 | D:6      | Reached XP level 9. HP: 35/48 MP: 11/17
  8017 | D:7      | Found a flagged portal.
  8046 | Bailey   | Entered a bailey
  8088 | Bailey   | Reached skill level 5 in Dodging
  8113 | Bailey   | Reached skill level 12 in Ranged Weapons
  8452 | Bailey   | Reached skill level 13 in Ranged Weapons
  8499 | Bailey   | Noticed a vault guard
  8508 | Bailey   | Noticed Prince Ribbit
  8508 | Bailey   | Noticed a vault guard
  8548 | Bailey   | Killed Prince Ribbit
  8549 | Bailey   | Reached XP level 10. HP: 42/53 MP: 18/18
  8868 | Bailey   | HP: 1/53 [vault guard/+0 broad axe (21)]
  8878 | Bailey   | Slain by a vault guard

Illustrated notes

Levels and vault maps discovered:
D:1:      dpeg_arrival_pits, layout_basic,
          hellmonk_ecumenical_altar_slurped_away, chequers_mini_garden
D:2:      layout_basic
D:3:      layout_loops_ring, gammafunk_ghost_gnarly_gnolls
D:4:      layout_rooms, vehumet_crystals, uniq_edmund, uniq_blork_the_orc
D:5:      layout_loops_ring, mainiacjoe_overflow_cross_hatched,
          nemelex_diamond_rough_becter, lemuel_tele_altar, cheibriados_altar_2,
          serial_shops, shop, kennysheep_generic_room_5
D:6:      layout_gridville, nicolae_ru_great_annihilating_truth,
          minmay_temple_entry_tees, hangedman_glass_garden,
          minmay_joined_circles
D:7:      cheibrodos_wizards_tower, layout_basic,
          nicolae_overflow_crystal_walls, xom_teletrap_fun, serial_demonic,
          serial_demonic_g, serial_demonic_g, serial_demonic_f,
          serial_demonic_f, enter_bailey_4, hex_intersection
Temple:   hellmonk_temple_flake
Bailey:   bailey_axe_froggy_fort_hellmonk, bailey

Skill      XL: |  1  2  3  4  5  6  7  8  9 |
---------------+----------------------------+-----
Fighting       | 1 2 |  2.0
Ranged Weapons | 3 4 5 6 7 9 11 13 | 13.3
Armour         | 2 3 |  3.1
Spellcasting   | 3 4 |  4.1
Translocations | 3 |  3.3
Hexes          | 7 |  7.4
Dodging        | 3 7 |  7.7

Action                   |  1- 3 |  4- 6 |  7- 9 | 10-12 || total
-------------------------+-------+-------+-------+-------++-------
Melee: Sling             |       |       |     1 |       ||     1
       Punch             |       |       |     1 |       ||     1
 Fire: Sling             |   130 |   109 |   240 |       ||   479
       Shortbow          |       |       |   106 |     4 ||   110
 Cast: Slow              |    30 |    32 |    52 |     5 ||   119
       Ensorcelled Hiber |       |       |     7 |       ||     7
       Blink             |       |       |     3 |    11 ||    14
       Portal Projectile |       |       |     2 |       ||     2
       Cause Fear        |       |       |     2 |     1 ||     3
Evoke: Wand              |       |       |    16 |     4 ||    20
  Use: Scroll            |     6 |     3 |    10 |     2 ||    21
       Potion            |       |     2 |     1 |     1 ||     4
Armor: Leather armour    |    19 |    17 |    21 |       ||    57
Dodge: Dodged            |    52 |    54 |    65 |     7 ||   178
